 Dungeon Crawl Stone Soup version 0.24.0-123-gd5b16e6ec5 (webtiles) character file.

Game seed: 9671348939685179021, levelgen mode: deterministic

3218 brucemayne the Cleaver (level 9, -7/121 HPs)
             Began as a Hill Orc Monk on Jan 18, 2020.
             Was a Priest of the Shining One.
             Splashed by a brown ugly thing's acid (11 damage)
             ... on level 11 of the Dungeon.
             The game lasted 00:16:38 (3306 turns).

brucemayne the Cleaver (Hill Orc Monk)              Turns: 3306, Time: 00:16:39

Health: -7/121     AC:  1    Str: 22    XL:     9   Next: 97%
Magic:  11/14      EV: 12    Int: 10    God:    the Shining One [***...]
Gold:   287        SH: 13    Dex: 13    Spells: 8/8 levels left

rFire    . . .     SeeInvis .   a - +0 hand axe
rCold    . . .     Gourm    .   k - +0 buckler
rNeg     + . .     Faith    .   p - +3 ring mail
rPois    .         Spirit   .   j - +2 helmet
rElec    .         Reflect  .   (no cloak)
rCorr    .         Harm     .   (no gloves)
MR       +....                  (no boots)
Stlth    ..........             d - amulet of rage
HPRegen  0.30/turn              (no ring)
MPRegen  0.14/turn              (no ring)

@: berserking, divine shield, corroded, glowing, very quick
A: hooves 1, molten scales 1, magic resistance 1
a: Divine Shield, Renounce Religion, Convert to Beogh, Evoke Berserk Rage


You were on level 11 of the Dungeon.
You worshipped the Shining One.
The Shining One was most pleased with you.
You were hungry.

You visited 2 branches of the dungeon, and saw 12 of its levels.

You collected 287 gold pieces.

Inventory:

Hand Weapons
 a - a +0 hand axe (weapon)
 u - a cursed -1 battleaxe
Missiles
 h - a javelin (quivered)
 r - 3 poisoned darts
 w - 4 datura-tipped darts
Armour
 b - a +0 robe
 f - a +0 ring mail
 j - a +2 helmet (worn)
 k - a +0 buckler (worn)
 m - the +1 leather armour of Listlessness {Int+2, unknown}
   (You found it on level 8 of the Dungeon)

   It affects your intelligence (+2).
 n - a +0 plate armour
 p - a +3 ring mail (worn)
 t - the +0 scale mail of the Sky {Dex+5}
   (You found it on level 7 of the Dungeon)

   It affects your dexterity (+5).
 v - a +0 chain mail
 x - a +0 ring mail
 y - a +0 ring mail of poison resistance
Jewellery
 d - an amulet of rage (around neck)
Wands
 c - a wand of random effects (26)
 i - a wand of flame (21)
Scrolls
 e - 8 scrolls of identify
 g - 3 scrolls of remove curse
Potions
 o - a potion of heal wounds {unknown}
 q - a potion of berserk rage
 s - a potion of magic {unknown}
 A - a potion of mutation
 C - a potion of invisibility {unknown}
Miscellaneous
 z - a lamp of fire
Comestibles
 l - 13 rations


   Skills:
 - Level 8.1 Fighting
 + Level 13.1 Axes
 - Level 2.4 Dodging
 - Level 1.5 Stealth
 - Level 4.2 Shields
 - Level 7.3 Invocations


You had 8 spell levels left.
You didn't know any spells.
Your spell library was empty.

Dungeon Overview and Level Annotations

Branches:
Dungeon (11/15)            Temple (1/1) D:5
   Lair: D:8-11         Orc: D:9-12

Altars:
Cheibriados
Elyvilon
Fedhas
Hepliaklqana
Makhleb
Nemelex Xobeh
Ru
Sif Muna
Uskayaw
Wu Jian
Yredelemnul
The Shining One

Annotations:
D:2 Natasha
D:4 Blork the orc
D:5 2 transporters, Hyawatha's ghost, amateur CeHu


Innate Abilities, Weirdness & Mutations

You have large cloven feet.
You are partially covered in molten scales. (AC +2)
You are resistant to hostile enchantments. (MR+)


Message History

The orc priest shouts, "Join the one true god or die!"
You barely miss the brown ugly thing. You kick the brown ugly thing.
The brown ugly thing is heavily wounded.
You hit the brown ugly thing. You kick the brown ugly thing.
The brown ugly thing is heavily wounded.
You hit the brown ugly thing.
The brown ugly thing is heavily wounded.
The brown ugly thing stings you!
* * * LOW HITPOINT WARNING * * *
You are splashed with acid!
* * * LOW HITPOINT WARNING * * *
You hit the brown ugly thing but do no damage.
The brown ugly thing is heavily wounded.
Unknown command.
You hit the brown ugly thing.
The brown ugly thing is severely wounded.
The brown ugly thing stings you. The Shining One protects you from harm!
You are splashed with acid!
You die...

#........ #.# #.#
#....[.>.# #.# #.#
#########........#
#.# #.#
.......<.........#
#.# #.#
##########.#####.#
#.# #.# .# #.#
#.#####.### .#
#.######..........
.#
#....<...######.##
.# #@######.# #.#
.# #u# #.# #.#
#.#####o# #.# #.#
#.....Kh# #.# #.#
#.#####)######.#
#.# #.(....... ...
#)######.# #(# #.#


You could see a brown ugly thing, a warg, an orc priest and a kobold.

Vanquished Creatures
  An ugly thing (D:7)
  A troll (D:11)
  A spriggan (D:7)
  A wyvern (D:11)
  A hungry ghost (D:8)
  A water moccasin (D:11)
  An ice beast (D:7)
  2 ogres
  4 centaurs
  4 bullfrogs
  A big kobold (D:7)
  2 gnoll sergeants
  3 scorpions
  A water moccasin skeleton (D:5)
  3 wights (D:6)
  2 crimson imps
  3 orc wizards
  Ijyb (D:5)
  Jessica (D:2)
  An iguana (D:8)
  5 worker ants
  A killer bee zombie (D:7)
  Robin (D:2)
  A howler monkey zombie (D:6)
  16 gnolls
  7 adders
  A howler monkey skeleton (D:5)
  2 shadow imps
  An ooze (D:6)
  2 adder zombies
  3 worms
  3 leopard geckos
  14 orcs
  2 giant cockroaches
  13 goblins
  8 hobgoblins
  6 jackals
  10 kobolds
  3 quokkas
  A ball python (D:2)
  2 frilled lizards
  A leopard gecko zombie (D:5)
  3 rats
141 creatures vanquished.

Notes
Turn   | Place    | Note
-------+----------+-------------------------------------------
     0 | D:1      | brucemayne the Hill Orc Monk began the quest for the Orb.
     0 | D:1      | Reached XP level 1. HP: 19/19 MP: 1/1
   232 | D:1      | Reached XP level 2. HP: 16/26 MP: 2/2
   381 | D:2      | Noticed Natasha
   402 | D:2      | Noticed Jessica
   412 | D:2      | Reached skill level 5 in Axes
   416 | D:2      | Killed Jessica
   416 | D:2      | Reached skill level 6 in Axes
   416 | D:2      | Reached XP level 3. HP: 16/31 MP: 3/3
   465 | D:2      | Noticed Robin
   494 | D:2      | Reached XP level 4. HP: 37/39 MP: 4/4
   497 | D:2      | Killed Robin
   526 | D:2      | You fall into a shaft and drop 2 floors!
   551 | D:5      | Entered Level 5 of the Dungeon
   671 | D:5      | Noticed Hyawatha's ghost (amateur CeHu)
   686 | D:5      | Found a transporter.
   706 | D:5      | Found a transporter.
   723 | D:5      | Reached skill level 7 in Axes
   723 | D:5      | Reached XP level 5. HP: 28/45 MP: 5/5
   744 | D:5      | Noticed Ijyb
   777 | D:5      | Killed Ijyb
   777 | D:5      | Reached skill level 8 in Axes
   835 | D:5      | Reached skill level 1 in Shields
   844 | D:5      | Reached XP level 6. HP: 28/51 MP: 6/6
  1170 | D:2      | Found a hide-covered altar of Uskayaw.
  1171 | D:2      | Found an ornate altar of the Wu Jian Council.
  1171 | D:2      | Found a sparkling altar of Nemelex Xobeh.
  1175 | D:2      | Found a basalt altar of Yredelemnul.
  1271 | D:4      | Noticed Blork the orc
  1425 | D:4      | Found a blossoming altar of Fedhas.
  1427 | D:4      | Found a snail-covered altar of Cheibriados.
  1502 | D:5      | Reached skill level 9 in Axes
  1550 | D:5      | Found a staircase to the Ecumenical Temple.
  1562 | D:5      | Reached XP level 7. HP: 28/57 MP: 7/7
  1566 | Temple   | Entered the Ecumenical Temple
  1572 | Temple   | Became a worshipper of the Shining One
  1572 | Temple   | Reached * piety under the Shining One
  1572 | Temple   | Reached ** piety under the Shining One
  1664 | D:5      | Gained mutation: You are resistant to hostile enchantments.
                  | (MR+) [potion of mutation]
  1664 | D:5      | Gained mutation: You have large cloven feet. [potion of
                  | mutation]
  1664 | D:5      | Gained mutation: You are partially covered in molten
                  | scales. (AC +2) [potion of mutation]
  1989 | D:7      | Reached skill level 10 in Axes
  2028 | D:7      | Got a slimy scale mail
  2048 | D:7      | Noticed a spriggan baker
  2055 | D:7      | Reached XP level 8. HP: 59/67 MP: 8/8
  2061 | D:7      | Killed a spriggan baker
  2085 | D:7      | Identified the cursed +0 scale mail of the Sky {Dex+5} (You
                  | found it on level 7 of the Dungeon)
  2200 | D:6      | Reached skill level 5 in Invocations
  2344 | D:6      | Reached skill level 5 in Fighting
  2482 | D:7      | Noticed a cyan ugly thing
  2499 | D:7      | Killed a cyan ugly thing
  2499 | D:7      | Reached skill level 11 in Axes
  2499 | D:7      | Reached XP level 9. HP: 78/78 MP: 11/14
  2711 | D:8      | Reached *** piety under the Shining One
  2715 | D:8      | Got a brightly glowing leather armour
  2843 | D:9      | You fall into a shaft and drop 2 floors!
  2901 | D:11     | Reached skill level 12 in Axes
  2945 | D:10     | Entered Level 10 of the Dungeon
  3006 | D:11     | Noticed a troll
  3068 | D:11     | Noticed a troll
  3085 | D:11     | Killed a troll
  3085 | D:11     | Reached skill level 13 in Axes
  3279 | D:11     | Noticed a brown ugly thing
  3304 | D:11     | HP: 4/121 [acid (7)]
  3306 | D:11     | The Shining One protects you from harm!
  3306 | D:11     | Splashed by a brown ugly thing's acid

Levels and vault maps discovered:
D:1:      psy_arrival_dodecagon, layout_basic
D:2:      layout_rooms, grunt_temple_overflow_cloverleaf, kennysheep_boxes,
          uniq_jessica, uniq_natasha, uniq_robin
D:3:      layout_rooms
D:4:      layout_loops_ring, nicolae_overflow_hidden_temple, uniq_blork_the_orc
D:5:      layout_cave_pools, minmay_temple_entry_nine_rooms,
          gammafunk_ghost_stat_death, first_ration, serial_park,
          serial_park_square2, serial_park_square3
          [serial_park_minivault_5x5_8], chequers_avenue, uniq_ijyb
D:6:      layout_basic, corexii_item_surrounded_by_moat,
          chequers_serial_rivers_small_3, minmay_misc_feat_tower
D:7:      layout_loops_ring, the_bakery
D:8:      layout_basic
D:9:      layout_long_grid, lair_entry_dummy, uniq_prince_ribbit1
D:10:     layout_basic
D:11:     layout_small_grid, erik_orc_4, uniq_snorg
Temple:   eino_temple_rhombus

Skill      XL: |  1  2  3  4  5  6  7  8  9 |
---------------+----------------------------+-----
Axes           | 6 7 8 9 10 11 13 | 13.1
Shields        | 1 3 4 |  4.2
Fighting       | 4 6 8 |  8.1
Invocations    | 7 |  7.3
Dodging        | |  2.4
Stealth        | |  1.5

Action                   |  1- 3 |  4- 6 |  7- 9 || total
-------------------------+-------+-------+-------++-------
Melee: Hand axe          |    52 |   193 |   245 ||   490
       Kick              |       |       |    66 ||    66
Throw: Javelin           |     3 |     4 |    53 ||    60
       Dart              |       |       |     1 ||     1
Invok: Divine Shield     |       |       |     3 ||     3
 Abil: Evoke Berserk Rag |     2 |     3 |     2 ||     7
Evoke: Wand              |       |       |     8 ||     8
  Use: Scroll            |     3 |       |     8 ||    11
       Potion            |       |     1 |     6 ||     7
 Stab: Sleeping          |       |     1 |       ||     1
  Eat: Chunk             |       |     4 |     3 ||     7
       Ration            |       |     1 |     2 ||     3
Armor: Ring mail         |    15 |    65 |    73 ||   153
       Plate armour      |       |       |    35 ||    35
       Skin              |       |       |     1 ||     1
Dodge: Dodged            |    35 |   111 |   106 ||   252
Block: Buckler           |       |    24 |    58 ||    82
